 Dungeon Crawl Stone Soup version 0.26.0-15-gc6cd9f700b (webtiles) character file.

Game seed: 11907392749765888518

533292 runemasterragnar the Slayer (level 25, 0/296 HPs)
             Began as an Ogre Monk on Jan 17, 2021.
             Was the Champion of Okawaru.
             Slain by Mennas
             ... wielding a +5 eudemon blade of holy wrath
              (10 damage)
             ... on level 1 of the Depths.
             The game lasted 03:11:43 (85478 turns).

runemasterragnar the Slayer (Ogre Monk)            Turns: 85478, Time: 03:11:44

Health: 0/296      AC: 32    Str: 30    XL:     25   Next: 71%
Magic:  30/30      EV: 13    Int: 11    God:    Okawaru [******]
Gold:   2770       SH:  5    Dex: 15    Spells: 25/34 levels left

rFire    + + +     SeeInvis .   N - +8 glaive of the Guard {elec, spectral, AC+5}
rCold    + + .     Faith    .   (shield currently unavailable)
rNeg     . . .     Spirit   .   L - +1 gold dragon scales
rPois    +         Reflect  +   b - +2 hat {Will+}
rElec    +         Harm     .   s - +1 cloak {rCorr}
rCorr    +         Rampage  .   (gloves unavailable)
Will     +++++                  (boots unavailable)
Stlth    ..........             J - amulet of reflection
HPRegen  0.59/turn              a - ring of Arinuabb {rElec rF+ rC+ Will+ Str-2}
MPRegen  0.22/turn              D - ring of Nodaungabo {*Contam rF+ Will+ Str+2 Dex+4}

@: berserk cooldown, hasted and slowed, glowing, studying Unarmed Combat,
silenced
A: large, unfitting armour, horns 2, tough skin 1
}: 3/15 runes: serpentine, barnacled, silver
a: Renounce Religion


You were on level 1 of the Depths.
You worshipped Okawaru.
Okawaru was exalted by your worship.
You visited 8 branches of the dungeon, and saw 40 of its levels.
You visited 1 bazaar.
You also visited: Wizlab.

You collected 5448 gold pieces.
You spent 2678 gold pieces at shops.

Inventory:

Hand Weapons
 H - the +6 war axe "Anudiso" {vorpal, Str+3 Dex-3 Stlth+}
   (Okawaru gifted it to you on level 6 of the Lair of Beasts)

   It inflicts extra damage upon your enemies.
   It affects your strength (+3).
   It affects your dexterity (-3).
   It makes you more stealthy.
 K - a +9 vorpal executioner's axe
 N - the +8 glaive of the Guard (weapon) {elec, spectral, AC+5}
   (You found it on level 4 of the Vaults)

   Occasionally, upon striking a foe, it can discharge electrical energy and
   cause terrible harm.
   It retains the spirit of the tree from which it was made.
   In the hands of one skilled in evocations this spirit is drawn out to fight
   along side the wielder.
   It affects your AC (+5).
Missiles
 f - 27 poisoned darts
 i - 6 datura-tipped darts
 l - 34 silver javelins
 r - 27 atropa-tipped darts
 t - 78 large rocks (quivered)
 v - 26 curare-tipped darts
 x - 75 boomerangs
 C - 20 javelins
 E - 8 throwing nets
 F - 12 silver boomerangs
Armour
 b - a +2 hat of willpower (worn)
 j - the +1 hat "Baatus Yror" {+Blink rF+ Will+ Stlth-}
   (Okawaru gifted it to you on level 2 of the Depths)

   It protects you from fire.
   It affects your willpower, your defense against some magical effects.
   It lets you blink.
   It makes you less stealthy.
 s - a +1 cloak of preservation (worn)
 L - +1 gold dragon scales (worn)
 M - the +4 moon troll leather armour {Spirit, Regen++ MP+5}
   (You took it off a moon troll in a wizard's laboratory)

   It affects your magic capacity (+5).
   It increases your rate of regeneration.
Jewellery
 a - the ring of Arinuabb (left hand) {rElec rF+ rC+ Will+ Str-2}
   (You bought it in a shop in a bazaar)

   [ring of willpower]

   It affects your strength (-2).
   It protects you from fire.
   It protects you from cold.
   It insulates you from electricity.
   It affects your willpower, your defense against some magical effects.
 d - an uncursed ring of positive energy
 D - the ring of Nodaungabo (right hand) {*Contam rF+ Will+ Str+2 Dex+4}
   (You bought it in a shop in a bazaar)

   [ring of willpower]

   It affects your strength (+2).
   It affects your dexterity (+4).
   It protects you from fire.
   It affects your willpower, your defense against some magical effects.
   It causes magical contamination when unequipped.
 J - an amulet of reflection (around neck)
 Y - an uncursed amulet of regeneration
Wands
 w - a wand of acid (11)
 z - a wand of disintegration (12)
 I - a wand of flame (82)
 Q - a wand of digging (13)
 X - a wand of paralysis (27)
Scrolls
 h - 18 scrolls of identify
 m - a scroll of holy word
 n - a scroll of summoning
 o - 5 scrolls of teleportation
 p - 2 scrolls of fog
 q - 3 scrolls of fear
 y - 4 scrolls of blinking
 B - a scroll of silence
 R - 24 scrolls of remove curse
Potions
 c - a potion of flight
 e - 3 potions of haste
 k - 4 potions of resistance
 u - 3 potions of cancellation
 A - 14 potions of curing
 G - 6 potions of mutation
 T - 3 potions of invisibility
 U - 5 potions of lignification
 V - 2 potions of magic
 Z - 2 potions of ambrosia
Books
 g - a manual of Unarmed Combat
Miscellaneous
 O - a phantom mirror (inert)
 P - a phial of floods


   Skills:
 - Level 25.3 Fighting
 - Level 17.1 Axes
 - Level 15.0 Throwing
 - Level 15.9 Armour
 - Level 17.4 Dodging
 - Level 1.4 Stealth
 - Level 5.0 Spellcasting
 * Level 7.7 Hexes
 - Level 11.3 Translocations
 - Level 8.8 Invocations
 - Level 8.0 Evocations


You had 25 spell levels left.
You knew the following spells:

 Your Spells              Type           Power        Failure   Level
a - Blink                 Tloc           N/A          4%          2
b - Teleport Other        Tloc           27%          9%          3
c - Apportation           Tloc           54%          3%          1
d - Portal Projectile     Hex/Tloc       46%          19%         3

Your spell library contained the following spells:

 Spells                   Type           Power        Failure   Level
 Gell's Gravitas          Tloc           13%          9%          3
 Lesser Beckoning         Tloc           13%          9%          3
 Corona                   Hex            21%          13%         1
 Slow                     Hex            19%          21%         2
 Passage of Golubria      Tloc           N/A          28%         4
 Confusing Touch          Hex            19%          36%         3
 Tukima's Dance           Hex            19%          36%         3
 Ensorcelled Hibernation  Hex/Ice        22%          67%         2
 Cause Fear               Hex            9%           78%         4
 Inner Flame              Hex/Fire       11%          88%         3
 Animate Skeleton         Necr           4%           97%         1
 Beastly Appendage        Tmut           4%           97%         1
 Foxfire                  Conj/Fire      8%           97%         1
 Magic Dart               Conj           8%           97%         1
 Sandblast                Erth           4%           97%         1
 Shock                    Conj/Air       8%           97%         1
 Summon Small Mammal      Summ           8%           97%         1
 Call Imp                 Summ           2%           99%         2
 Corpse Rot               Necr/Air       N/A          99%         2
 Passwall                 Tmut/Erth      1%           99%         2
 Sublimation of Blood     Necr           1%           99%         2
 Swiftness                Air            2%           99%         2
 Leda's Liquefaction      Hex/Erth       5%           99%         4
 Conjure Flame            Conj/Fire      2%           100%        3
 Ignite Poison            Fire/Tmut/Pois 2%           100%        3
 Mephitic Cloud           Conj/Pois/Air  2%           100%        3
 Ozocubu's Armour         Ice            2%           100%        3
 Static Discharge         Conj/Air       2%           100%        3
 Stone Arrow              Conj/Erth      4%           100%        3
 Airstrike                Air            1%           100%        4
 Dispel Undead            Necr           2%           100%        4
 Petrify                  Tmut/Erth      2%           100%        4
 Alistair's Intoxication  Tmut/Pois      1%           100%        5
 Blade Hands              Tmut           1%           100%        5
 Bolt of Magma            Conj/Fire/Erth 1%           100%        5
 Borgnjor's Vile Clutch   Necr/Erth      1%           100%        5
 Irradiate                Conj/Tmut      1%           100%        5
 Iskenderun's Battlesphe  Conj           2%           100%        5
 Lee's Rapid Deconstruct  Erth           1%           100%        5
 Lightning Bolt           Conj/Air       1%           100%        5
 Metabolic Englaciation   Hex/Ice        5%           100%        5
 Silence                  Hex/Air        5%           100%        5
 Summon Forest            Summ/Tloc      7%           100%        5
 Yara's Violent Unravell  Hex/Tmut       5%           100%        5
 Eringya's Noxious Bog    Tmut/Pois      1%           100%        6
 Hydra Form               Tmut           1%           100%        6
 Invisibility             Hex            19%          100%        6
 Iron Shot                Conj/Erth      1%           100%        6
 Shadow Creatures         Summ           N/A          100%        6
 Statue Form              Tmut/Erth      1%           100%        6
 Dragon Form              Tmut           1%           100%        7
 Orb of Destruction       Conj           1%           100%        7
 Spellforged Servitor     Conj/Summ      1%           100%        7
 Summon Hydra             Summ           1%           100%        7
 Discord                  Hex            9%           100%        8
 Dragon's Call            Summ           1%           100%        9
 Tornado                  Air            1%           100%        9


Dungeon Overview and Level Annotations

Branches:
Dungeon (15/15)            Temple (1/1) D:4            Lair (6/6) D:9
 Shoals (4/4) Lair:2        Snake (4/4) Lair:2        Slime (0/5) Lair:6
    Orc (2/2) D:9             Elf (0/3) Orc:2        Vaults (5/5) D:13
  Crypt (0/3) Vaults:3     Depths (3/5) D:15         WizLab (visited)

Altars:
Ashenzari
Elyvilon
Fedhas
Hepliaklqana
Makhleb
Nemelex Xobeh
Okawaru
Qazlal
Ru
The Shining One
Beogh
Jiyva

Shops:
D:9 *   Orc:2 [:*(   Shoals:1 (   Snake:2 !

Portals:
Hell: Depths:1 Depths:2
Pandemonium: Depths:1 Depths:2

Annotations:
D:8 1 runed translucent door
Lair:2 exclusion: 3 oklob plants
Lair:3 exclusion: oklob plant
Shoals:3 3 runed translucent doors, Qatuad's ghost, adept GnFi
Orc:1 3 runed translucent doors, Kaxaet's ghost, journeyman MfVM
Depths:1 Mennas


Innate Abilities, Weirdness & Mutations

You are too large for most types of armour.
You have tough skin. (AC +1)
You have a pair of horns on your head.


Message History

Mennas dies!
The hell knight misses you.
Unknown command.
Evoke which item? (* to show all) (? for menu, Esc to quit)
Okay, then.
You hit Mennas but do no damage.
You draw out your weapon's spirit!
Mennas is almost dead.
Mennas hits you with a +5 eudemon blade of holy wrath!
* * * LOW HITPOINT WARNING * * *
Mennas hits you but does no damage.
The hell knight hits you but does no damage.
The hell knight hits your spectral weapon with a +2 war axe.
Your spectral weapon shares its damage with you!
* * * LOW HITPOINT WARNING * * *
Mennas hits you with a +5 eudemon blade of holy wrath.
* * * LOW HITPOINT WARNING * * *
Mennas hits you but does no damage.
You feel better. Mennas hits you but does no damage.
Mennas hits you with a +5 eudemon blade of holy wrath!
You die...

.##.....#.# ######..####.######.
#.##....#.# ##.............
##.#....#.# ##.#######.###.
.#.##...#.# #..# #.# #.
..#.#...#.# ##'#### #.# #.
..#.#...###### #.....#####.###.
..#.#...#....# #.....+.........
..#.#.#.####.#####.....#####.###.
..#.#...# #...A@p(....# #.# #.
..#.#...# #.#####.....#####'###+
..#.#...# #.########+###......#.
.#.##...# #..........# #......'.
##.#...#######.####.#####......#.
#.##...##......# #.....'......#.
.##....######### #######......#.
##....## ######### ......#


You could see Mennas (silencing), a hell knight and a friendly +8 glaive of the
Guard {elec, spectral, AC+5} (summoned).

Vanquished Creatures
  2 ancient liches (Vaults:5)
  Mara (Depths:1)
  2 juggernauts (Depths:1)
  Sojobo (Depths:1)
  Frederick (Depths:3)
  Saint Roka (Orc:2)
  Bai Suzhen (Depths:1)
  Vashnia (Snake:3)
  2 golden dragons
  Jory (Vaults:5)
  Nikola (Snake:2)
  Jorgrun (Snake:2)
  3 tentacled monstrosities
  A moon troll (WizLab)
  3 quicksilver dragons (WizLab)
  A lich (Vaults:5)
  5 titans
  7 tentacled starspawn (WizLab)
  The ghost of Lutziemm the Protected, an adept GnFi of Okawaru (Snake:4)
  8 sphinxes
  Ilsuiw (Shoals:4)
  Kirke (Shoals:4)
  3 shadow dragons
  11 tengu reavers
  A storm dragon (Vaults:5)
  11 nagarajas
  6 fire giants
  21 vault wardens
  5 frost giants
  2 iron dragons (Vaults:5)
  Aizul (Snake:1)
  Louise (Shoals:1)
  12 ironheart preservers
  3 war gargoyles
  A deep elf elementalist (Vaults:5)
  A cacodemon (WizLab)
  10 very ugly things
  17 stone giants
  2 deep elf demonologists (Vaults:5)
  An entropy weaver (Vaults:5)
  Azrael (Snake:2)
  2 deep elf annihilators
  A dire elephant (D:15)
  11 ettins
  Snorg (Orc:2)
  An ettin (shapeshifter) (Depths:1)
  2 deep elf death magi (Vaults:2)
  5 merfolk javelineers
  15 merfolk impalers
  8 fire dragons
  5 rakshasas
  Erolcha (Orc:1)
  A deep elf high priest (Vaults:5)
  9 great orbs of eyes
  8 hydras
  29 vault guards
  11 yaktaur captains
  10 boulder beetles
  10 naga warriors
  5 ice dragons
  2 hell beasts
  Fannar (D:10)
  13 anacondas
  3 catoblepae
  11 centaur warriors
  3 death yaks
  3 merfolk avatars
  2 alligator snapping turtles (Shoals:3)
  6 deep troll shamans
  5 merfolk aquamancers
  11 ogre magi
  34 two-headed ogres
  4 satyrs
  A dancing weapon (Vaults:5)
  A death yak (shapeshifter) (Vaults:1)
  2 death knights
  8 deep troll earth magi
  5 tengu warriors
  9 shock serpents
  2 spriggan berserkers
  19 naga sharpshooters
  3 deep elf knights (Vaults:1)
  9 salamander mystics
  A wretched star (WizLab)
  A soul eater (Depths:1)
  A sun demon (Depths:1)
  A sixfirhy (Depths:2)
  4 flayed ghosts
  A death drake (shapeshifter) (Depths:1)
  A shadow wraith (Vaults:5)
  8 skeletal warriors
  8 unseen horrors
  12 sea snakes
  11 naga ritualists
  A swamp dragon (Lair:6)
  2 wizards
  13 hell knights
  19 deep trolls
  4 phantasmal warriors
  An orange crystal statue (WizLab)
  10 glowing orange brains
  7 deep elf archers
  21 orc knights
  22 ironbrand convokers
  15 harpies
  2 wolf spider zombies (D:15)
  2 lindwurms
  3 necromancers
  A tengu skeleton (Vaults:4)
  24 ugly things
  A faun (shapeshifter) (Vaults:1)
  16 mana vipers
  16 deep elf magi
  4 orc sorcerers
  4 wolf spiders
  18 fauns
  5 cyclopes
  A salamander (shapeshifter) (Depths:3)
  15 manticores
  11 salamanders
  Joseph (D:9)
  A rust devil (Depths:1)
  6 guardian serpents
  44 black mambas
  A black mamba (shapeshifter) (Depths:2)
  4 centaur zombies
  11 merfolk sirens
  A stone giant skeleton (Vaults:3)
  5 water nymphs
  9 eyes of devastation (WizLab)
  2 torpor snails
  Maurice (D:10)
  12 naga magi
  6 centaur skeletons
  11 cane toads
  2 cane toads (shapeshifter)
  17 vault sentinels
  An orange demon (Depths:2)
  An eye of devastation (shapeshifter) (Vaults:5)
  A gargoyle (D:11)
  2 kobold demonologists (D:11)
  A komodo dragon (shapeshifter) (Vaults:4)
  Maggie (D:8)
  A demonic crawler (D:13)
  4 rime drakes
  10 freezing wraiths
  49 yaktaurs
  2 ice devils
  An efreet (D:15)
  9 komodo dragons
  2 tengu conjurers
  A yaktaur skeleton (Vaults:4)
  A merfolk (shapeshifter) (Vaults:1)
  A queen bee (shapeshifter) (Vaults:1)
  10 trolls
  5 wind drakes
  28 merfolk
  A tyrant leech (D:13)
  6 hornets
  A jumping spider (shapeshifter) (D:14)
  9 slime creatures
  A sphinx simulacrum (Vaults:2)
  20 blink frogs
  A meliai zombie (D:15)
  6 dream sheep
  7 snapping turtles
  A snapping turtle (shapeshifter) (D:14)
  3 redbacks (Vaults:5)
  A stone giant simulacrum (Vaults:3)
  3 shadows
  5 starcursed masses (WizLab)
  A tarantella (Vaults:5)
  3 wyverns
  14 water elementals
  An ettin skeleton (Vaults:3)
  A human (shapeshifter) (Vaults:5)
  2 wraiths
  61 yaks
  5 fire elementals (Snake:2)
  3 hogs (Shoals:4)
  7 basilisks
  11 vampire mosquitoes
  15 golden eyes (WizLab)
  A neqoxec (Depths:2)
  2 steam dragons (Lair:6)
  4 swamp worms (D:13)
  11 wargs
  Menkaure (D:4)
  54 nagas
  A soldier ant (D:14)
  2 hell hounds (Snake:2)
  5 acid dragons
  A swamp drake (Lair:6)
  29 water moccasins
  58 orc warriors
  A sky beast (D:10)
  10 ice beasts
  A black bear (D:8)
  4 phantoms
  2 eyes of draining
  A necrophage (D:7)
  29 ogres
  5 boggarts (Vaults:1)
  10 wolves (Lair:3)
  31 centaurs
  4 big kobolds
  16 bullfrogs
  A water moccasin zombie (D:7)
  4 scorpions
  4 killer bees (D:13)
  15 wights
  2 elf simulacra
  2 human simulacra
  6 howler monkeys
  7 electric eels
  A crimson imp (Depths:1)
  A bullfrog zombie (D:11)
  2 yaktaur simulacra (Vaults:1)
  A quasit (D:12)
  19 orc priests
  Crazy Yiuf (D:7)
  4 jellies
  13 hounds
  7 bullfrog skeletons
  8 iguanas
  20 orc wizards
  15 worker ants
  8 hell rats
  2 hound zombies
  A hound skeleton (D:5)
  10 adders
  4 gnolls (D:4)
  A gnoll (shapeshifter) (Vaults:5)
  3 howler monkey skeletons
  A river rat (D:9)
  3 shadow imps
  2 white imps
  4 oozes
  4 ufetubi
  3 adder skeletons
  4 worms
  2 dart slugs
  7 leopard geckos
  118 orcs
  9 giant cockroaches
  10 goblins
  14 hobgoblins
  11 jackals
  19 kobolds
  4 quokkas
  4 ball pythons
  7 bats
  8 frilled lizards
  A quokka skeleton (D:9)
  A quokka zombie (D:6)
  10 rats
  5 starspawn tentacles (WizLab)
1885 creatures vanquished.

Vanquished Creatures (others)
  A naga mage (Snake:2)
  A black mamba (Snake:2)
  A vampire mosquito (D:12)
  A demonic plant (WizLab)
  27 fungi
  195 plants
  13 starspawn tentacles (WizLab)
239 creatures vanquished.

Grand Total: 2124 creatures vanquished

Notes
Turn   | Place    | Note
-------+----------+-------------------------------------------
     0 | D:1      | runemasterragnar the Ogre Monk began the quest for the Orb.
     0 | D:1      | Reached XP level 1. HP: 24/24 MP: 1/1
    45 | D:1      | Reached XP level 2. HP: 31/32 MP: 2/2
   411 | D:1      | Reached XP level 3. HP: 39/40 MP: 3/3
  1230 | D:2      | Reached skill level 5 in Fighting
  1253 | D:2      | Reached XP level 4. HP: 45/50 MP: 4/4
  2980 | D:3      | Reached XP level 5. HP: 39/57 MP: 5/5
  3721 | D:3      | Reached skill level 6 in Fighting
  3820 | D:3      | Reached XP level 6. HP: 22/67 MP: 2/6
  5420 | D:4      | Reached skill level 5 in Axes
  5850 | D:4      | Found a staircase to the Ecumenical Temple.
  5872 | Temple   | Entered the Ecumenical Temple
  5880 | Temple   | Became a worshipper of Warmaster Okawaru
  5880 | Temple   | Reached * piety under Okawaru
  5880 | Temple   | Reached ** piety under Okawaru
  5947 | D:4      | Noticed Menkaure
  5965 | D:4      | Killed Menkaure
  5966 | D:4      | Reached skill level 7 in Fighting
  5966 | D:4      | Reached XP level 7. HP: 16/78 MP: 2/7
  6328 | D:4      | Reached skill level 1 in Invocations
  7131 | D:5      | Entered Level 5 of the Dungeon
  7176 | D:5      | Found a glowing golden altar of the Shining One.
  8348 | D:5      | Reached skill level 8 in Fighting
  8348 | D:5      | Reached XP level 8. HP: 66/88 MP: 3/9
  9073 | D:5      | Reached *** piety under Okawaru
  9964 | D:6      | Reached skill level 9 in Fighting
 10225 | D:6      | Reached skill level 1 in Throwing
 10225 | D:6      | Reached skill level 5 in Dodging
 10225 | D:6      | Reached XP level 9. HP: 51/100 MP: 11/11
 10619 | D:6      | Got a transparent falchion
 11372 | D:7      | Found a runed translucent door.
 11373 | D:7      | Noticed Crazy Yiuf
 11413 | D:7      | Reached skill level 10 in Fighting
 11898 | D:7      | Identified the +7 falchion "Meggad" {vorpal, Str+6} (You
                  | found it on level 6 of the Dungeon)
 11971 | D:7      | Got a jewelled hand axe
 11972 | D:7      | Identified the cursed +3 hand axe "Newtslayer" {venom,
                  | rPois rC+ Str-5} (You found it on level 7 of the Dungeon)
 12112 | D:7      | Gained mutation: You have a pair of small horns on your
                  | head. [potion of mutation]
 12112 | D:7      | Gained mutation: You have a pair of horns on your head.
                  | [potion of mutation]
 12124 | D:7      | Reached **** piety under Okawaru
 12510 | D:7      | Killed Crazy Yiuf
 12569 | D:8      | Noticed a two-headed ogre
 12580 | D:8      | Killed a two-headed ogre
 12581 | D:8      | Reached skill level 11 in Fighting
 12917 | D:8      | Reached skill level 5 in Invocations
 12971 | D:8      | Reached XP level 10. HP: 93/112 MP: 13/13
 13252 | D:8      | Found a runed translucent door.
 13252 | D:8      | Noticed a six-headed hydra
 13252 | D:8      | Noticed a necromancer
 13253 | D:8      | Found the +8 mithril axe "Arga" {speed, Will+}
 13254 | D:8      | Noticed a four-headed hydra
 13254 | D:8      | Noticed a flayed ghost
 13254 | D:8      | Noticed a six-headed hydra
 13254 | D:8      | Noticed a deep elf knight
 13254 | D:8      | Noticed a fire crab
 13306 | D:8      | Noticed Maggie
 13320 | D:8      | Received a gift from Okawaru
 13738 | D:8      | Noticed a two-headed ogre
 13750 | D:8      | Killed a two-headed ogre
 14240 | D:8      | Reached skill level 12 in Fighting
 14318 | D:8      | Reached ***** piety under Okawaru
 14427 | D:8      | Killed Maggie
 14928 | D:9      | Noticed a death yak
 14930 | D:9      | Noticed a death yak
 15172 | D:9      | Noticed a death yak
 15198 | D:8      | Killed a death yak
 15199 | D:8      | Reached skill level 1 in Armour
 15280 | D:9      | Found a sacrificial altar of Ru.
 15293 | D:9      | Found a staircase to the Orcish Mines.
 15303 | D:9      | Found a staircase to the Lair.
 15501 | D:9      | Noticed Joseph
 15509 | D:9      | Reached XP level 11. HP: 98/124 MP: 12/15
 15524 | D:9      | Killed Joseph
 15569 | D:9      | Reached skill level 13 in Fighting
 15569 | D:9      | Reached skill level 5 in Throwing
 15615 | D:9      | Killed a death yak
 15615 | D:9      | Received a gift from Okawaru
 15637 | D:9      | HP: 1/127 [death yak (21)]
 15644 | D:9      | Killed a death yak
 16349 | D:9      | Found Euatilaf's Eclectic Emporium.
 16450 | D:10     | Entered Level 10 of the Dungeon
 16578 | D:10     | Noticed Fannar
 16601 | D:10     | Killed Fannar
 16851 | D:10     | Received a gift from Okawaru
 17046 | D:10     | HP: 6/128 [centaur/arrow (10)]
 17047 | D:10     | HP: 1/128 [something (5)]
 17664 | D:10     | Noticed Maurice
 17684 | D:10     | Killed Maurice
 18273 | Orc:1    | Entered Level 1 of the Orcish Mines
 18276 | Orc:1    | Noticed Erolcha
 18278 | Orc:1    | Noticed a stone giant
 18644 | D:10     | Killed an unseen horror
 18645 | D:10     | Reached skill level 14 in Fighting
 19229 | Lair:1   | Entered Level 1 of the Lair of Beasts
 19581 | Lair:1   | Noticed an eight-headed hydra
 19857 | D:11     | Reached XP level 12. HP: 137/140 MP: 17/17
 21417 | D:11     | Received a gift from Okawaru
 21761 | D:11     | Reached skill level 15 in Fighting
 21831 | D:12     | Received a gift from Okawaru
 21915 | D:12     | Reached skill level 10 in Axes
 21918 | D:12     | Received a gift from Okawaru
 22386 | D:12     | Noticed a two-headed ogre
 22386 | D:12     | Noticed a five-headed hydra
 23705 | D:12     | Identified 2 scrolls of acquirement
 23707 | D:12     | Acquired a manual of Throwing
 23709 | D:12     | Acquired the amulet of Tina Xiavo {Acrobat rPois rF+ Dex+3}
 24325 | D:13     | Reached XP level 13. HP: 130/152 MP: 19/19
 24459 | D:13     | Noticed a vault guard
 24459 | D:13     | Noticed a vault guard
 24461 | D:13     | Noticed a vault guard
 24591 | Lair:1   | Reached skill level 10 in Throwing
 25968 | Lair:2   | Learned a level 2 spell: Blink
 26361 | Lair:2   | Found a staircase to the Shoals.
 26465 | Lair:2   | Received a gift from Okawaru
 27129 | Lair:2   | Found a staircase to the Snake Pit.
 27266 | Lair:2   | Received a gift from Okawaru
 27909 | Lair:3   | Reached skill level 15 in Throwing
 28302 | Lair:3   | Received a gift from Okawaru
 28408 | Lair:3   | Reached skill level 1 in Spellcasting
 28408 | Lair:3   | Reached skill level 1 in Translocations
 28625 | Lair:3   | Reached skill level 5 in Armour
 28983 | Lair:3   | Reached XP level 14. HP: 50/161 MP: 18/20
 29742 | Lair:3   | Got a tattered robe
 29743 | Lair:3   | Identified the +1 robe "Bytraw" {-Tele rF+ rC+} (You found
                  | it on level 3 of the Lair of Beasts)
 30322 | Lair:4   | Found a sparkling altar of Nemelex Xobeh.
 30995 | Lair:5   | Received a gift from Okawaru
 31128 | Lair:5   | Reached skill level 16 in Fighting
 31427 | Lair:5   | Received a gift from Okawaru
 31756 | Lair:6   | Entered Level 6 of the Lair of Beasts
 31817 | Lair:6   | Acquired +0 gold dragon scales
 32170 | Lair:6   | Received a gift from Okawaru
 32177 | Lair:6   | Got a brightly glowing war axe {god gift}
 32212 | Lair:6   | Found a staircase to the Slime Pits.
 32212 | Lair:6   | Found a viscous altar of Jiyva.
 32273 | Lair:6   | Identified the +6 war axe "Anudiso" {vorpal, Str+3 Dex-3
                  | Stlth+} (Okawaru gifted it to you on level 6 of the Lair of
                  | Beasts)
 32346 | Lair:6   | Reached skill level 5 in Spellcasting
 32759 | Lair:6   | Reached ****** piety under Okawaru
 33289 | D:9      | Killed a stone giant
 33290 | D:9      | Reached skill level 5 in Translocations
 33296 | Orc:1    | Killed Erolcha
 33450 | Orc:1    | Received a gift from Okawaru
 33667 | Orc:1    | Found a runed translucent gate.
 33667 | Orc:1    | Noticed Kaxaet's ghost (journeyman MfVM)
 33671 | Orc:1    | Identified the ring of Pimuthri {rPois Will+ Stlth+}
 33684 | Orc:1    | Identified the +7 mace of Burning Valour {vorpal, rElec
                  | Will- Str+2}
 33697 | Orc:1    | Identified the +10 war axe of Autumn {venom, rPois Int-5
                  | Dex+10 Stlth+}
 33697 | Orc:1    | Noticed an orc warlord
 33749 | Orc:1    | Found a runed translucent gate.
 33913 | Orc:1    | Found a runed translucent gate.
 33918 | Orc:1    | Found a roughly hewn altar of Beogh.
 34005 | Orc:2    | Entered Level 2 of the Orcish Mines
 34048 | Orc:2    | Noticed Snorg
 34061 | Orc:2    | Killed Snorg
 34104 | Orc:2    | Reached XP level 15. HP: 62/171 MP: 19/22
 34652 | Orc:2    | Noticed Saint Roka
 34663 | Orc:2    | Killed Saint Roka
 35758 | Orc:2    | Found a roughly hewn altar of Beogh.
 35792 | Orc:2    | Found Exutesua's Antique Weapon Emporium.
 35792 | Orc:2    | Found Axemnorch's Assorted Antiques.
 35997 | Orc:2    | Found a staircase to the Elven Halls.
 36181 | Orc:2    | Received a gift from Okawaru
 36335 | Orc:2    | Found Xentina's Antique Armour Boutique.
 36335 | Orc:2    | Found Mabeshil's Book Emporium.
 36705 | D:13     | Received a gift from Okawaru
 36767 | D:13     | Found a gate to the Vaults.
 37991 | D:14     | You fall into a shaft and drop 1 floor!
 37991 | D:15     | Entered Level 15 of the Dungeon
 38197 | D:15     | Reached skill level 17 in Fighting
 38728 | D:15     | Received a gift from Okawaru
 39066 | D:14     | Received a gift from Okawaru
 39294 | D:14     | Reached XP level 16. HP: 154/183 MP: 23/23
 40022 | D:14     | Received a gift from Okawaru
 40461 | D:15     | Received a gift from Okawaru
 41238 | D:15     | Found a staircase to the Depths.
 41255 | Depths:1 | Entered Level 1 of the Depths
 41328 | Depths:1 | Noticed a tengu reaver
 41328 | Depths:1 | Noticed a tengu reaver
 41328 | Depths:1 | Noticed Sojobo
 41616 | Shoals:1 | Entered Level 1 of the Shoals
 42354 | Shoals:1 | Noticed Louise
 42377 | Shoals:1 | Killed Louise
 42619 | Shoals:1 | Found Fesch's Weapon Emporium.
 43441 | Shoals:2 | Received a gift from Okawaru
 43623 | Shoals:2 | Reached skill level 10 in Translocations
 43722 | Shoals:2 | Received a gift from Okawaru
 44889 | Shoals:3 | Reached XP level 17. HP: 182/193 MP: 24/24
 44945 | Shoals:3 | Learned a level 3 spell: Teleport Other
 45622 | Shoals:3 | Reached skill level 18 in Fighting
 45988 | Shoals:3 | Found a runed translucent gate.
 45989 | Shoals:3 | Found a runed translucent gate.
 45990 | Shoals:3 | Found a runed translucent gate.
 45992 | Shoals:3 | Noticed Qatuad's ghost (adept GnFi)
 46023 | Shoals:3 | Reached skill level 10 in Dodging
 46505 | Shoals:4 | Entered Level 4 of the Shoals
 49076 | Shoals:4 | Noticed Kirke
 49089 | Shoals:4 | Killed Kirke
 49100 | Shoals:4 | Received a gift from Okawaru
 49183 | Shoals:4 | Received a gift from Okawaru
 50173 | Shoals:4 | Identified Geerum's Reference Book on Malediction
 50204 | Shoals:4 | Noticed Ilsuiw
 50376 | Shoals:4 | Killed Ilsuiw
 50685 | Shoals:4 | Got a barnacled rune of Zot
 51519 | Snake:1  | Entered Level 1 of the Snake Pit
 52035 | Snake:1  | Reached XP level 18. HP: 197/206 MP: 25/25
 52306 | Snake:1  | Noticed Aizul
 52321 | Snake:1  | Killed Aizul
 52728 | Snake:1  | You fall into a shaft and drop 1 floor!
 52828 | Snake:2  | Noticed Azrael
 52838 | Snake:2  | Killed Azrael
 52974 | Snake:2  | Received a gift from Okawaru
 52975 | Snake:2  | Reached skill level 19 in Fighting
 53027 | Snake:2  | Noticed Nikola
 53027 | Snake:2  | Noticed Jorgrun
 53038 | Snake:2  | Killed Jorgrun
 53047 | Snake:2  | Killed Nikola
 53047 | Snake:2  | Received a gift from Okawaru
 53454 | Snake:2  | Identified Tuco's Volume of Flying Dark Magic
 53620 | Snake:2  | Found Ziqereal's Distillery.
 53865 | Snake:1  | Reached skill level 10 in Armour
 54213 | D:9      | Bought a potion of experience for 600 gold pieces
 54213 | D:9      | Reached XP level 19. HP: 194/217 MP: 26/26
 55547 | Snake:3  | Received a gift from Okawaru
 55846 | Snake:3  | Noticed Vashnia
 55887 | Snake:3  | Killed Vashnia
 56252 | Snake:3  | Received a gift from Okawaru
 56558 | Snake:3  | Reached skill level 15 in Axes
 57069 | Snake:4  | Entered Level 4 of the Snake Pit
 58236 | Snake:4  | Reached XP level 20. HP: 175/228 MP: 27/27
 58423 | Snake:4  | Reached skill level 20 in Fighting
 60467 | Snake:4  | Received a gift from Okawaru
 61249 | Snake:4  | Got a serpentine rune of Zot
 61467 | Snake:4  | Found a runed translucent gate.
 61467 | Snake:4  | Found a runed translucent gate.
 61467 | Snake:4  | Found a runed translucent gate.
 61467 | Snake:4  | Noticed Lutziemm's ghost (adept GnFi)
 61564 | Snake:4  | Killed Lutziemm's ghost
 61839 | Snake:2  | Bought a potion of heal wounds for 95 gold pieces
 61839 | Snake:2  | Bought a potion of curing for 57 gold pieces
 61839 | Snake:2  | Bought a potion of curing for 57 gold pieces
 61839 | Snake:2  | Bought a potion of heal wounds for 95 gold pieces
 62093 | Vaults:1 | Entered Level 1 of the Vaults
 62235 | Vaults:1 | Found a flickering gateway to a bazaar.
 62248 | Bazaar   | Entered a bazaar
 62248 | Bazaar   | Found Qeonit's Jewellery Boutique.
 62248 | Bazaar   | Found Pakh's Jewellery Shop.
 62248 | Bazaar   | Found Dofokuot's General Store.
 62248 | Bazaar   | Found Waane's Armour Shop.
 62248 | Bazaar   | Found Lahomeah's Antique Armour Boutique.
 62271 | Bazaar   | Bought the ring of Arinuabb {rElec rF+ rC+ Will+ Str-2} for
                  | 536 gold pieces
 62281 | Bazaar   | Bought a +1 cloak of preservation for 264 gold pieces
 62320 | Bazaar   | Bought the ring of Nodaungabo {*Contam rF+ Will+ Str+2
                  | Dex+4} for 644 gold pieces
 62324 | Bazaar   | Bought an uncursed amulet of reflection for 330 gold pieces
 62585 | Vaults:1 | Received a gift from Okawaru
 62950 | Vaults:1 | Received a gift from Okawaru
 62951 | Vaults:1 | Got a steaming broad axe {god gift}
 62952 | Vaults:1 | Identified the +1 broad axe of Perversion {antimagic, rF+}
                  | (Okawaru gifted it to you on level 1 of the Vaults)
 63559 | Vaults:1 | Reached XP level 21. HP: 109/240 MP: 28/28
 64180 | Vaults:1 | Reached skill level 21 in Fighting
 65328 | Vaults:2 | Received a gift from Okawaru
 65429 | Vaults:2 | Received a gift from Okawaru
 65970 | Vaults:2 | Received a gift from Okawaru
 66779 | Vaults:2 | Received a gift from Okawaru
 67199 | Vaults:2 | Received a gift from Okawaru
 67699 | Vaults:2 | Received a gift from Okawaru
 67705 | Vaults:2 | Got an ichor-stained battleaxe {god gift}
 67706 | Vaults:2 | Identified the +2 battleaxe "Zaenez" {spect, rC+ Dex+6}
                  | (Okawaru gifted it to you on level 2 of the Vaults)
 67862 | Vaults:2 | Learned a level 1 spell: Apportation
 67989 | Vaults:3 | You fall into a shaft and drop 1 floor!
 68790 | Vaults:4 | Reached XP level 22. HP: 254/254 MP: 29/29
 68851 | Vaults:4 | Found the +8 glaive of the Guard {elec, spectral, AC+5}
 68995 | Vaults:4 | Reached skill level 22 in Fighting
 69080 | Vaults:4 | Received a gift from Okawaru
 69091 | Vaults:4 | Identified the +0 hat of Okawaru's Benevolence {-Cast
                  | Rampage rN+ Str+4} (Okawaru gifted it to you on level 4 of
                  | the Vaults)
 69571 | Vaults:4 | Reached skill level 1 in Evocations
 70508 | Vaults:4 | Paralysed by a hornet for 1 turns
 70593 | Vaults:3 | Reached skill level 5 in Evocations
 70806 | Vaults:3 | Found a staircase to the Crypt.
 71596 | Vaults:3 | Found a hazy altar of Hepliaklqana.
 72540 | Vaults:3 | Received a gift from Okawaru
 73399 | Vaults:5 | Entered Level 5 of the Vaults
 73463 | Vaults:5 | Reached XP level 23. HP: 173/265 MP: 27/30
 73981 | Vaults:5 | Reached skill level 15 in Dodging
 74344 | Vaults:5 | Reached skill level 23 in Fighting
 74617 | Vaults:5 | Received a gift from Okawaru
 74618 | Vaults:5 | Got a bloodstained robe {god gift}
 75269 | Vaults:5 | Noticed Jory
 75283 | Vaults:5 | Killed Jory
 75349 | Vaults:5 | Identified the ring "Plog" {rCorr Dex+2}
 75885 | Vaults:5 | Identified the ring of Ysineack {Wiz *Contam Int+5}
 76259 | Vaults:5 | Noticed a golden dragon
 76271 | Vaults:5 | Killed a golden dragon
 76409 | Vaults:5 | Identified the ring of Vuwel {rElec rF+ Str+6 Dex-2}
 76719 | Vaults:5 | Noticed an ancient lich
 77174 | Vaults:5 | Reached XP level 24. HP: 258/261 MP: 30/30
 77215 | Vaults:5 | Identified the ring "Wagoups" {*Tele rF+ MP+9 Dex+4}
 77253 | Vaults:5 | Received a gift from Okawaru
 77254 | Vaults:5 | Identified the +4 battleaxe of Dissolution {spect, rF+
                  | Dex+2} (Okawaru gifted it to you on level 5 of the Vaults)
 77429 | Vaults:5 | Got a silver rune of Zot
 78097 | Vaults:5 | Noticed an ancient lich
 78103 | Vaults:5 | Killed an ancient lich
 78104 | Vaults:5 | Reached skill level 24 in Fighting
 78127 | Vaults:5 | Killed an ancient lich
 78127 | Vaults:5 | Received a gift from Okawaru
 78161 | Vaults:5 | Received a gift from Okawaru
 78412 | Vaults:5 | Identified the cursed +3 fustibalus of Uhebybbegup {flame,
                  | rElec rPois Int-4 Dex+2} (You found it on level 5 of the
                  | Vaults)
 79155 | Depths:1 | Killed Sojobo
 79155 | Depths:1 | Received a gift from Okawaru
 79156 | Depths:1 | Got a pitted hat {god gift}
 79157 | Depths:1 | Identified the -2 hat of Pan-Flutes {Str+4} (Okawaru gifted
                  | it to you on level 1 of the Depths)
 79415 | Depths:1 | Found a one-way gate leading to the halls of Pandemonium.
 79438 | Depths:1 | Reached skill level 15 in Armour
 79772 | Depths:1 | Found a gateway to Hell.
 79861 | Depths:1 | Noticed a juggernaut
 79890 | Depths:1 | Killed a juggernaut
 80581 | Depths:1 | Found a broken altar of Ashenzari.
 80890 | Depths:1 | Noticed a juggernaut
 80900 | Depths:1 | Killed a juggernaut
 81217 | Depths:1 | Found the +9 sword of Zonguldrok {reap}
 81457 | Depths:1 | Noticed Mara
 81471 | Depths:1 | Noticed runemasterragnar's illusion
 81476 | Depths:1 | Killed Mara
 81778 | Depths:2 | Found a magical portal.
 81783 | WizLab   | Entered Lehudib's Moon Base
 81928 | WizLab   | Reached XP level 25. HP: 252/293 MP: 30/30
 82020 | WizLab   | Received a gift from Okawaru
 82037 | WizLab   | Reached skill level 25 in Fighting
 82728 | WizLab   | Found a transporter.
 83409 | WizLab   | Received a gift from Okawaru
 83417 | WizLab   | Found a transporter.
 83683 | WizLab   | Identified Gehit's Grimoire of Transmigration and the
                  | Snowflakes
 83686 | WizLab   | Got a smoking ivory ring
 83687 | WizLab   | Identified the ring "Akhloul" {Int+4 Stlth+} (You found it
                  | in a wizard's laboratory)
 83704 | WizLab   | Learned a level 3 spell: Portal Projectile
 83762 | Depths:2 | Reached skill level 1 in Hexes
 83802 | Depths:2 | Noticed Bai Suzhen
 83804 | Depths:2 | Received a gift from Okawaru
 83849 | Depths:1 | Killed Bai Suzhen
 84495 | Depths:2 | Reached skill level 5 in Hexes
 84584 | Depths:2 | Identified the +1 hat "Baatus Yror" {+Blink rF+ Will+
                  | Stlth-} (Okawaru gifted it to you on level 2 of the Depths)
 85106 | Depths:3 | Noticed Frederick
 85112 | Depths:3 | Killed Frederick
 85427 | Depths:3 | Noticed Mennas
 85472 | Depths:1 | HP: 13/296 [Mennas/+5 eudemon blade of holy wrath (11)]
 85474 | Depths:1 | HP: 1/296 [Mennas/+5 eudemon blade of holy wrath (9)]
 85478 | Depths:1 | Slain by Mennas

Illustrated notes

Levels and vault maps discovered:
D:1:      dpeg_arrival_refuge, layout_basic
D:2:      layout_rooms
D:3:      layout_basic
D:4:      layout_basic, minmay_temple_entry_glassed_door, minivault_23,
          solitary_fountain, uniq_menkaure
D:5:      layout_loops_ring, serial_rivers, chequers_serial_rivers_micro_d,
          chequers_serial_rivers_small_b, chequers_serial_rivers_micro_b,
          chequers_serial_rivers_micro_a, tso_metal_star
D:6:      layout_rooms
D:7:      minmay_the_grid_octo_tiled_squarecenter
          [minmay_the_grid_octo_fat_diamond, minmay_the_grid_octo_toaster,
          minmay_the_grid_octo_tetromino_candy, minmay_the_grid_octo_odd_swirl,
          minmay_the_grid_square_5x5_megaprize_hollow,
          minmay_the_grid_square_5x5_two_walls_b,
          minmay_the_grid_square_5x5_three_walls,
          minmay_the_grid_square_5x5_spiral_small,
          minmay_the_grid_square_5x5_hollow_slash], layout_rooms,
          chequers_serial_rivers_micro_d, nicolae_water_bricks,
          uniq_crazy_yiuf_cottage
D:8:      minmay_gate_of_8, layout_basic, uniq_maggie
D:9:      layout_rooms, kennysheep_little_box, dpeg_lair_monsters, orc_0_dummy,
          serial_bayou_pond_b, nicolae_alphabet_shops, minmay_sticks_and_stones
D:10:     layout_irregular_city, amcnicky_mini_pool_small, serial_bayou_pond_a,
          uniq_fannar, uniq_maurice
D:11:     minmay_chambers_of_sixes, layout_irregular_city
D:12:     layout_rooms
D:13:     layout_loops_corners, lightli_vaults_fourway_checkpoint, worms_lemuel
D:14:     layout_loops_corners, minivault_14, kennysheep_generic_room_15
D:15:     hangedman_depths_entry_try_elsewhere_first, layout_loops_ring,
          nrook_mini_backslash
Temple:   nicolae_temple_the_god_donut
Lair:1:   layout_loops_ring, grunt_megastairs_5
Lair:2:   layout_cave_pods, elwin_shoals_entry_rooms, grunt_megastairs_2,
          minmay_lair_oklob_chamber, serial_bayou_shore_a, serial_bayou_shore_b,
          serial_bayou_shore_b, infiniplex_staircase_pool_2, lemuel_fruit_fields
Lair:3:   layout_roguey, serial_rivers, chequers_serial_rivers_micro_d,
          chequers_serial_rivers_micro_e, chequers_serial_rivers_large_a,
          chequers_serial_rivers_large_b, chequers_serial_rivers_small_a,
          serial_bayou_lagoon_a, serial_bayou_pond_d, beast_lair_carwin_7
Lair:4:   layout_loops_ring, basic_altar, lemuel_fruit_tree
Lair:5:   layout_cave_pods, columned_hall_lemuel, serial_bayou_shore_b,
          serial_bayou_shore_b
Lair:6:   guppyfry_lair_end_dragon, layout_gridlike, slime_altar_1
Shoals:1: cheibrodos_shoals_baths, layout_shoals, serial_shops, shop,
          uniq_louise
Shoals:2: layout_shoals, nicolae_shoals_dead_sea_scrolls
Shoals:3: layout_shoals, gammafunk_ghost_tricky_traps
Shoals:4: shoals_end_hangedman, layout_shoals, shoal_ilsuiw, uniq_kirke
Snake:1:  layout_chambers, st_stairs_1, uniq_aizul
Snake:2:  layout_misc_corridors, serial_shops, shop_fountains, library_closet,
          uniq_azrael, uniq_nikola, uniq_jorgrun
Snake:3:  layout_layer_cave, nicolae_snake_double_loop, drop_trap, uniq_vashnia
Snake:4:  johnstein_snake_rune_scales, layout_rooms, ebering_ghost_rock_garden,
          nicolae_snake_squiggles, nicolae_snake_springs
Orc:1:    layout_caves, biasface_ghost_orc_armoury, uniq_erolcha
Orc:2:    st_orc_town, layout_caves, nicolae_orc_damp_corner, rock_pile,
          uniq_saint_roka, uniq_snorg
Vaults:1: v_misc_4, hangedman_vaults_stagger, vaults_room_semicircle,
          hangedman_vaults_unwind, v_misc_22, hangedman_vaults_restitches,
          ontoclasm_vaults_bender, nicolae_vaults_lopsided_apartments,
          vaults_mumra_minichess_inversion, v_pattern_5, ontoclasm_vaults_tryst,
          ontoclasm_vaults_ring_large, ontoclasm_vaults_decontamination,
          vaults_mumra_chevron, layout_vaults_maze, serial_shops,
          bzr_entry_lakeside
Vaults:2: hangedman_vaults_maws, hangedman_vaults_variations, st_eye,
          nicolae_vaults_inception_statues, nicolae_vaults_hallways_thing,
          nicolae_vaults_little_squares_3, ontoclasm_vaults_ligature,
          hangedman_vaults_cutoff, nicolae_vaults_rhombus_5,
          layout_vaults_omnigrid
Vaults:3: vaults_room_octagon, nicolae_vaults_network_s, hangedman_vaults_nodes,
          ontoclasm_vaults_idyll, vaults_standard_mumra_lines, st_octagons_2,
          v_misc_26, nicolae_vaults_rhombus_6, v_misc_4,
          dpeg_vaults_monster_box, layout_vaults_chaotic_city,
          dummy_crypt_entry, basic_altar, uniq_margery
Vaults:4: nicolae_vaults_big_angled_halls, nicolae_vaults_network_quinsquares
          [nicolae_vaults_network_quincunx_subvault,
          nicolae_vaults_network_quincunx_subvault,
          nicolae_vaults_network_quincunx_subvault,
          nicolae_vaults_network_quincunx_subvault], ontoclasm_vaults_hangar,
          hangedman_vaults_stream, vaults_standard_mumra_x, v_pattern_4,
          v_misc_17, vaults_room_grid, vaults_room_door_ring,
          nicolae_vaults_little_squares_6, nicolae_vaults_quartermaster,
          v_misc_24, ontoclasm_vaults_idyll, layout_vaults_omnibox
Vaults:5: uniq_jory
Depths:1: minmay_broken_ring, layout_gridlike, grunt_mini_vestibule,
          chequers_serial_rivers_marsh, rand_demon_pan_entry_3,
          ashenzari_altar_1, uniq_sojobo, uniq_mara
Depths:2: kennysheep_six_static_rooms, layout_gridlike, mu_enter_wizlab_7,
          minmay_misc_feat_cross, pf_coc_iceberg, rand_demon_pan_entry_1,
          roderic_lattice_octagonal_star, uniq_bai_suzhen
Depths:3: minmay_strange_plus, layout_twisted_cross, hangedman_decor_slide_cut,
          hell_entry, rand_demon_pan_entry_8, abyss_entry_flame_altar,
          infiniplex_staircase_spiral_double, uniq_mennas, uniq_frederick

Skill      XL: |  1  2  3  4  5  6  7  8  9 10 11 12 13 14 15 16 17 18 19 20 21 22 23 24 25 |
---------------+----------------------------------------------------------------------------+-----
Dodging        | 3 4 5 6 7 8 9 10 11 12 13 14 15 17 | 17.4
Fighting       | 5 6 7 8 9 11 12 14 15 16 17 18 19 20 21 22 23 24 25 | 25.3
Axes           | 4 5 6 7 8 9 10 11 12 13 14 15 16 17 | 17.1
Invocations    | 2 3 5 6 7 8 |  8.8
Throwing       | 1 3 4 6 9 15 | 15.0
Armour         | 1 3 4 5 6 7 8 9 10 11 12 13 14 15 | 15.9
Spellcasting   | 2 5 |  5.0
Translocations | 1 5 8 10 11 | 11.3
Evocations     | 8 |  8.0
Hexes          | 7 |  7.7
Stealth        | |  1.4

Action                   |  1- 3 |  4- 6 |  7- 9 | 10-12 | 13-15 | 16-18 | 19-21 | 22-24 | 25-27 || total
-------------------------+-------+-------+-------+-------+-------+-------+-------+-------+-------++-------
Melee: Hand axe          |   155 |   262 |   237 |   770 |   308 |    48 |       |       |       ||  1780
       War axe           |       |       |   184 |       |   442 |   479 |   594 |   261 |       ||  1960
       Punch             |       |       |     1 |     1 |     5 |       |       |       |       ||     7
       Headbutt          |       |       |    12 |   172 |   232 |   141 |   171 |   242 |    70 ||  1040
       Falchion          |       |       |     4 |    26 |       |       |       |       |       ||    30
       Broad axe         |       |       |       |       |   109 |     2 |     7 |       |       ||   118
       Quarterstaff      |       |       |       |       |    11 |       |       |       |       ||    11
       Battleaxe         |       |       |       |       |     9 |       |       |       |       ||     9
       Executioner's axe |       |       |       |       |       |    18 |    25 |       |       ||    43
       Glaive            |       |       |       |       |       |       |       |   597 |   292 ||   889
Throw: Boomerang         |       |       |    46 |    31 |    28 |   144 |   605 |    64 |       ||   918
       Large rock        |       |       |       |    26 |   148 |   189 |    80 |   196 |    49 ||   688
       Dart              |       |       |       |     4 |    47 |    93 |     7 |     9 |       ||   160
       Javelin           |       |       |       |       |    29 |   209 |   212 |    90 |    19 ||   559
 Cast: Teleport Other    |       |       |       |       |       |       |     1 |       |       ||     1
       Blink             |       |       |       |       |       |       |       |     1 |       ||     1
Invok: Heroism           |       |       |     4 |     4 |     5 |     5 |     2 |     2 |     1 ||    23
       Finesse           |       |       |       |       |     3 |     8 |     2 |     6 |     1 ||    20
Evoke: Wand              |       |       |     8 |    19 |    13 |     5 |    27 |    15 |       ||    87
       Phial of floods   |       |       |       |       |     1 |       |     1 |     1 |     1 ||     4
       Phantom mirror    |       |       |       |       |       |       |       |       |     1 ||     1
  Use: Scroll            |       |     5 |    14 |    18 |     7 |    10 |    14 |    13 |     5 ||    86
       Potion            |       |     4 |     1 |     4 |     3 |    14 |     1 |     7 |     7 ||    41
 Stab: Sleeping          |     1 |       |       |       |     1 |       |       |       |       ||     2
       Distracted        |       |       |       |       |       |       |       |     5 |     1 ||     6
Armor: Robe              |    64 |    51 |    70 |    12 |       |       |       |       |       ||   197
       Swamp dragon scal |       |       |       |   539 |   244 |       |       |       |       ||   783
       Gold dragon scale |       |       |       |       |   273 |   531 |   476 |   548 |   175 ||  2003
Dodge: Dodged            |    91 |   136 |   274 |   492 |   524 |   421 |   334 |   344 |   125 ||  2741
Block: Other             |       |       |       |       |       |       |    67 |   173 |    62 ||   302
       Reflection        |       |       |       |       |       |       |    18 |    23 |     2 ||    43
       Rpst.: Falchion   |       |       |       |     6 |       |       |       |       |       ||     6
